 Dungeon Crawl Stone Soup version 0.19-a0-1049-g462a813 (webtiles) character file.

126 JustSomeDude the Ducker (level 4, -2/35 HPs)
             Began as a Demonspawn Monk on July 31, 2016.
             Succumbed to an orc wizard's poison
             ... on level 3 of the Dungeon.
             The game lasted 00:08:41 (1761 turns).

JustSomeDude the Ducker (Demonspawn Monk)           Turns: 1761, Time: 00:08:43

Health: -2/35      AC:  9    Str: 12      XL:     4   Next: 84%
Magic:  4/4        EV: 12    Int: 19      God:
Gold:   187        SH:  0    Dex: 14 (15) Spells: 0 memorised, 3 levels left

rFire  . . .     SeeInvis .     a - +0 hand axe
rCold  . . .     Gourm    .     d - +0 ring mail
rNeg   . . .     Faith    .     (no shield)
rPois  .         Spirit   .     (helmet restricted)
rElec  .         Dismiss  .     f - +0 cloak
rCorr  .         Reflect  .     (no gloves)
SustAt .         Harm     .     e - +0 pair of boots
MR     .....                    (no amulet)
Stlth  +.........               (no ring)
                                (no ring)

@: brilliant, lethally poisoned (-2 -> -58), not resistant to hostile
enchantments, very unstealthy
A: horns 1, molten scales 1, clever 1, rot immunity
a: no special abilities


You were on level 3 of the Dungeon.
You were not hungry.

You visited 1 branch of the dungeon, and saw 3 of its levels.

You collected 187 gold pieces.

Inventory:

Hand Weapons
 a - a +0 hand axe (weapon)
 w - a +2 dagger of venom
Armour
 d - a +0 ring mail (worn)
 e - a +0 pair of boots (worn)
 f - a +0 cloak (worn)
 g - a +1 chain mail
Jewellery
 t - a cursed -2 ring of protection {unknown}
Scrolls
 b - 2 scrolls of remove curse
 j - a scroll of enchant armour
 k - 3 scrolls of magic mapping
 p - a scroll of teleportation
 r - a scroll of blinking {unknown}
Potions
 i - a potion of haste {unknown}
 m - 2 potions of degeneration
 s - a potion of resistance {unknown}
Comestibles
 c - 2 bread rations
 l - 2 slices of pizza
 q - a beef jerky


   Skills:
 + Level 3.3 Fighting
 + Level 3.5 Axes
 + Level 1.1 Armour
 + Level 3.6 Dodging
 + Level 2.3 Stealth


You had 3 spell levels left.
You didn't know any spells.

Dungeon Overview and Level Annotations

Branches:
Dungeon (3/15)

Altars:
Trog


Innate Abilities, Weirdness & Mutations

You have a pair of small horns on your head.
You are partially covered in molten scales. (AC +2)
You are immune to rotting.
Your mind is acute. (Int +2)


Message History

You are too injured to fight recklessly!
Unknown command.
Unknown command.
You are too injured to fight recklessly!
You are too injured to fight recklessly!
Unknown command.
It was a potion of magic.
Magic courses through your body.
* * * LOW HITPOINT WARNING * * *
You feel very sick. The orc wizard barely misses you.
The orc wizard hits you but does no damage.
You are more poisoned.
It was a potion of brilliance.
You feel clever all of a sudden.
* * * LOW HITPOINT WARNING * * *
You feel very sick. The orc wizard barely misses you.
It was a potion of mutation.
You feel extremely strange.
You feel clever.
You feel stronger.
You feel weaker.
You die...

,,*......§..........##....## ####
,,*......§...#......##.)..####...
,,*########......#####......##8..
,,* #......# #...##...##...
,,********#......###...##...##8..
,,,,,,,,,*#$......(...÷.#...##...
*,,,,,,,,*#####..(......#...##8..
*,,,,,,,,,,,,*#..[......#...##.))
,,,,,,,,,,,,,*##@####.o.....##8..
,,,,,****,,,,*##o####.......##...
,,,,,,,,*,,,,*..oo...>......'....
,,,,,,,,*,,,,*.....##...<...##.#.
,,,,,,,,*,,,,......##.......##.#.
****,,,,*,,,.#####.##....#####.#.
*,,,,***'#*,,,,.##....# #.#.
*,,,,**#.**,***###....# #.#.
*,,,,,,,,,*,* #....# #.#.


You could see an orc wizard and 2 orcs.

Vanquished Creatures
  Jessica (D:2)
  Ijyb (D:2)
  A shadow imp (D:3)
  A worm (D:3)
  A giant gecko (D:1)
  2 orcs (D:3)
  2 giant cockroaches
  12 goblins
  8 hobgoblins
  3 jackals (D:3)
  6 kobolds
  9 bats
  3 giant newts
  4 rats
54 creatures vanquished.

Vanquished Creatures (others)
  An orc wizard (D:3)
1 creature vanquished.

Grand Total: 55 creatures vanquished

Notes
Turn   | Place    | Note
-------+----------+-------------------------------------------
     0 | D:1      | JustSomeDude the Demonspawn Monk began the quest for the Orb.
     0 | D:1      | Reached XP level 1. HP: 18/18 MP: 1/1
   129 | D:1      | Gained mutation: You have a pair of small horns on your head. [demonic ancestry]
   129 | D:1      | Reached XP level 2. HP: 15/24 MP: 2/2
   498 | D:2      | Noticed Jessica
   514 | D:2      | Killed Jessica
   514 | D:2      | Gained mutation: You are immune to rotting. [demonic ancestry]
   514 | D:2      | Reached XP level 3. HP: 23/29 MP: 3/3
   520 | D:2      | Noticed Ijyb
   542 | D:2      | Killed Ijyb
   542 | D:2      | Gained mutation: You are partially covered in molten scales. (AC +2) [demonic ancestry]
   542 | D:2      | Reached XP level 4. HP: 21/35 MP: 4/4
  1129 | D:3      | Reached skill level 1 in Armour
  1508 | D:3      | Found a bloodstained altar of Trog.
  1761 | D:3      | Gained mutation: Your mind is acute. (Int +2) [potion of mutation]
  1761 | D:3      | Gained mutation: Your muscles are strong. (Str +2) [potion of mutation]
  1761 | D:3      | Lost mutation: Your muscles are strong. (Str +2) [potion of mutation]
  1761 | D:3      | Succumbed to an orc wizard's poison

Vault maps used:
D:1:      scummos_arrival_hexagon
D:2:      st_stairs_5, uniq_iyjb, uniq_jessica
D:3:      kennysheep_the_goblin_king, grunt_decor_one_mirror, bloody_trog

Skill      XL: |  1  2  3  4 |
---------------+-------------+-----
Dodging        | 3 |  3.6
Stealth        | 2 |  2.3
Axes           | 3 |  3.5
Armour         | 1 |  1.1
Fighting       | |  3.3

Action                   |  1- 3 |  4- 6 || total
-------------------------+-------+-------++-------
Melee: Hand axe          |    76 |   129 ||   205
       Headbutt          |     8 |    11 ||    19
  Use: Potion            |     3 |     3 ||     6
       Scroll            |       |     7 ||     7
 Stab: Sleeping          |     1 |     3 ||     4
  Eat: Chunk             |       |     3 ||     3
Armor: Ring mail         |    35 |    75 ||   110
Dodge: Dodged            |    70 |    86 ||   156
